 Dungeon Crawl Stone Soup version 0.29-a0-994-gc5c9f59d18 (webtiles) character file.

Game seed: 17715851185786242661

66067 manyhoops the Brawler (level 14, -4/135 HPs)
             Began as a Demigod Transmuter on Aug 3, 2022.
             Slain by Lodul
             ... wielding a +0 dire flail
              (23 damage)
             ... on level 13 of the Dungeon.
             The game lasted 00:34:12 (25621 turns).

manyhoops the Brawler (Demigod Transmuter)         Turns: 25621, Time: 00:34:13

Health: -4/135     AC: 18    Str: 27    XL:     14   Next: 38%
Magic:  24/25      EV: 15    Int: 15    God:
Gold:   1240       SH:  0    Dex: 14    Spells: 10/22 levels left

rFire   . . .      SeeInvis .     - Unarmed
rCold   . . .      Faith    .   (shield currently unavailable)
rNeg    . . .      Spirit   .   I - +0 steam dragon scales
rPois   .          Reflect  .   S - +1 hat {Will+}
rElec   .          Harm     .   g - +0 cloak {rCorr}
rCorr   +          Rampage  .   (gloves currently unavailable)
Will    ++...                   u - +2 pair of boots
Stlth   +.........              e - amulet of magic regeneration
HPRegen 0.32/turn               j - +4 ring of protection
MPRegen 0.59/turn               y - +4 ring of protection

@: blade hands (expiring), unable to read
A: high MP 1, forlorn, divine attributes, inability to read while threatened 1
a: End Transformation


You were on level 13 of the Dungeon.
You had blades for hands.
You visited 2 branches of the dungeon, and saw 19 of its levels.

You collected 1700 gold pieces.
You spent 460 gold pieces at shops.

Inventory:

Hand Weapons
 D - the +6 great mace of Qazlal's Generosity {drain, rC+ Str+4}
   (You found it on level 7 of the Dungeon)

   A truly terrible weapon, it drains the life of any living foe it strikes.
   Str:       It affects your strength (+4).
   rC:        It protects you from cold.
Armour
 g - a +0 cloak of preservation (worn)
 h - the +1 robe of the Mackerel {rC+++ rN+++ Int-3 Dex-4}
   (You found it on level 10 of the Dungeon)

   Int:       It affects your intelligence (-3).
   Dex:       It affects your dexterity (-4).
   rC:        It renders you almost immune to cold.
   rN:        It renders you almost immune to negative energy.
 n - a +0 helmet
 u - a +2 pair of boots (worn)
 I - +0 steam dragon scales (worn)
 M - a +1 pair of gloves (melded)
 S - a +1 hat of willpower (worn)
Jewellery
 e - an amulet of magic regeneration (around neck)
 j - a +4 ring of protection (left blade hand)
 x - a ring of fire
 y - a +4 ring of protection (right blade hand)
 B - a +6 ring of strength
 N - a ring of magical power
 R - a +6 ring of dexterity
 T - a ring of positive energy
Wands
 f - a wand of polymorph (11)
 r - a wand of roots (23)
 C - a wand of quicksilver (7)
 E - a wand of charming (13)
 G - a wand of flame (16)
 P - a wand of mindburst (9)
 V - a wand of digging (4)
Scrolls
 a - 2 scrolls of magic mapping
 d - 4 scrolls of teleportation
 i - 3 scrolls of immolation
 p - a scroll of butterflies
 q - 2 scrolls of amnesia
 s - a scroll of summoning
 t - 3 scrolls of torment
 z - a scroll of silence
 A - 2 scrolls of poison
 F - a scroll of enchant armour
 O - a scroll of vulnerability
 Q - a scroll of noise
 U - a scroll of enchant weapon
 W - a scroll of identify
Potions
 b - 3 potions of haste
 c - a potion of magic
 k - a potion of cancellation
 l - 13 potions of curing
 m - 3 potions of brilliance
 o - 2 potions of flight
 w - 2 potions of resistance
 H - 2 potions of mutation
 J - 3 potions of heal wounds
 K - 6 potions of might
 L - a potion of attraction {unknown}


   Skills:
 - Level 15.0 Fighting
 - Level 7.0 Dodging
 + Level 17.5 Unarmed Combat
 - Level 4.7 Spellcasting
 - Level 9.1 Transmutations


You had 10 spell levels left.
You knew the following spells:

 Your Spells              Type           Power      Damage    Failure   Level
a - Beastly Appendage     Tmut           60%        N/A       11%         1
b - Wereblood             Tmut           30%        N/A       13%         2
c - Ice Form              Ice/Tmut       17%        N/A       69%         4
d - Blade Hands           Tmut           15%        N/A       47%         5

Your spell library contained the following spells:

 Spells                   Type           Power      Damage    Failure   Level
 Spider Form              Tmut/Pois      17%        N/A       41%         3
 Ignite Poison            Fire/Tmut/Pois 12%        N/A       54%         3
 Necrotise                Necr           12%        1d4       58%         1
 Shock                    Conj/Air       12%        1d3       58%         1
 Call Imp                 Summ           3%         N/A       69%         2
 Petrify                  Tmut/Erth      17%        N/A       69%         4
 Confusing Touch          Hex            3%         N/A       85%         3
 Conjure Flame            Conj/Fire      3%         6-21      85%         3
 Dazzling Flash           Conj/Hex       6%         N/A       85%         3
 Gell's Gravitas          Tloc           3%         N/A       85%         3
 Lesser Beckoning         Tloc           3%         N/A       85%         3
 Stone Arrow              Conj/Erth      6%         3d7       85%         3
 Summon Guardian Golem    Hex/Summ       3%         N/A       85%         3
 Swiftness                Air            3%         N/A       85%         3
 Teleport Other           Tloc           3%         N/A       85%         3
 Vampiric Draining        Necr           3%         2d6       85%         3
 Alistair's Intoxication  Tmut/Pois      11%        N/A       91%         5
 Yara's Violent Unravell  Hex/Tmut       8%         3d5       91%         5
 Airstrike                Air            1%         2d(1-17)  99%         4
 Animate Armour           Summ/Erth      6%         N/A       99%         4
 Corpse Rot               Necr/Pois/Air  3%         N/A       99%         4
 Olgreb's Toxic Radiance  Pois           3%         N/A       99%         4
 Sticky Flame             Conj/Fire      3%         2d3       99%         4
 Summon Ice Beast         Ice/Summ       3%         N/A       99%         4
 Agony                    Necr           3%         N/A       100%        5
 Borgnjor's Vile Clutch   Necr/Erth      1%         N/A       100%        5
 Metabolic Englaciation   Hex/Ice        1%         N/A       100%        5
 Conjure Ball Lightning   Conj/Air       1%         3x3d6     100%        6
 Dispersal                Tloc           1%         N/A       100%        6
 Eringya's Noxious Bog    Tmut/Pois      8%         N/A       100%        6
 Iron Shot                Conj/Erth      1%         9d1       100%        6
 Starburst                Conj/Fire      1%         6d3       100%        6
 Statue Form              Tmut/Erth      11%        N/A       100%        6
 Enfeeble                 Hex            1%         N/A       100%        7
 Ozocubu's Refrigeration  Ice            1%         4d7       100%        7
 Discord                  Hex            1%         N/A       100%        8
 Disjunction              Tloc           1%         N/A       100%        8
 Ignition                 Fire           1%         3d3       100%        8
 Lehudib's Crystal Spear  Conj/Erth      1%         10d2      100%        8
 Maxwell's Capacitive Co  Air            1%         ∞         100%        8
 Summon Horrible Things   Summ           1%         N/A       100%        8
 Chain Lightning          Conj/Air       1%         3d2       100%        9
 Fire Storm               Conj/Fire      1%         8d1       100%        9


Dungeon Overview and Level Annotations

Branches:
Dungeon (14/15)            Temple (0/1) D:6            Lair (5/5) D:9
 Shoals (0/4) Lair:2       Spider (0/4) Lair:3        Slime (0/5) Lair:5
    Orc (0/2) D:10
 Vaults: D:13-14

Shops:
D:2 :   D:4 *   D:8 !   D:10 (

Portals:
Abyss: Lair:5
Trove: D:10 (give 3 potions of resistance)

Annotations:
D:13 Lodul, Nessos


Innate Abilities, Weirdness & Mutations

You have blades for hands.
Your spellcasting is less reliable in this form.
You are incapable of wielding weapons or throwing items.
You have an increased reservoir of magic. (+10% MP)
You shall have no god before yourself.
Your divine heritage dramatically boosts your attributes as you level up.
You occasionally lose the ability to read scrolls when taking damage.


Message History

You see here a +0 morningstar.
A cyclops comes into view.
The cyclops shouts!
You hear a shout! x5
An ogre comes into view. It is wielding a +0 giant club.
The ogre shouts!
Lodul the Thundrous comes into view.
He is wielding a +0 dire flail and carrying a wand of mindburst (2).
The cyclops throws a large rock.
The large rock completely misses you.
Your hands revert to their normal proportions.
Your +1 pair of gloves unmelds from your body.
You see here a +0 morningstar.
Casting: Blade Hands (dangerous; 11% risk of failure)
Confirm with . or Enter, or press ? or * to list all spells.
Your hands turn into razor-sharp scythe blades.
Your +1 pair of gloves melds into your body.
Unknown command.
Your transformation is almost over.
The ogre hits you with a +0 giant club!
* * * LOW HITPOINT WARNING * * *
You hit the ogre. You slash the ogre!
The ogre is moderately wounded.
You shred the ogre!!!
You kill the ogre!
You shred the cyclops!!!!
You kill the cyclops!
You hear a shout! x6
An ogre comes into view. It is wielding a +0 giant spiked club.
The ogre shouts!
An ogre comes into view. It is wielding a +0 giant club.
Lodul hits you with a +0 dire flail!
* * * LOW HITPOINT WARNING * * *
Items here: ( ) ††.
You slash Lodul!
Lodul is lightly wounded.
An ogre comes into view. It is wielding a +0 giant club.
You shred Lodul!!!
Lodul is almost dead.
You hear a shout! x2
Lodul hits you with a +0 dire flail!!
You feel threatened and lose the ability to read scrolls!
You die...

.#.#..#..### #.# #
.#.......# ...#.#
#####.#.### ...#.#
#......# #....
#.#≈~≈## #...# #
#.~≈≈≈≈###.#.#.#.#
##.~~≈~~~##.......#
...≈≈≈†..)........#
####≈≈~####@##..#.
##≈# #O# ## #.#
........# ........#
O..OC.O.# .....O..#
####O#### #.


You could see Lodul and 3 ogres.

Vanquished Creatures
  Kirke (Lair:4)
  9 hydras
  Erolcha (D:13)
  6 boulder beetles
  2 catoblepae
  4 centaur warriors
  3 two-headed ogres
  Urug (D:11)
  4 thrashing horrors (Lair:5)
  A skeletal warrior (D:9)
  3 large abominations (Lair:5)
  An orc knight (D:10)
  5 cyclopes
  4 ugly things
  A moth of wrath (shapeshifter) (D:9)
  13 elephants
  2 black mambas
  An elephant (shapeshifter) (Lair:5)
  10 cane toads
  2 smoke demons (Lair:5)
  A torpor snail (Lair:5)
  3 gargoyles
  An unseen horror (D:11)
  2 rime drakes (Lair:5)
  Psyche (D:8)
  9 komodo dragons
  2 ancient zymes (Lair:5)
  A troll (D:10)
  3 polar bears
  2 hornets (D:9)
  A slime creature (D:9)
  32 blink frogs
  Sigmund (D:5)
  26 dream sheep
  A ynoxinul (Lair:5)
  A spriggan (shapeshifter) (D:9)
  3 shadows
  8 small abominations (Lair:5)
  A spriggan (Lair:5)
  4 wyverns
  3 basilisks
  36 yaks
  Grum (D:8)
  A steam dragon (D:8)
  2 hogs (Lair:4)
  A redback (Lair:3)
  2 chaos spawn (Lair:5)
  An acid dragon (D:12)
  The ghost of lorenzova the Conjurer, an amateur DECj (D:4)
  10 water moccasins
  2 ice beasts (D:5)
  A black bear (D:6)
  7 orc warriors
  3 ogres
  16 wolves
  A centaur (D:9)
  2 phantoms
  2 kobold brigands (D:9)
  8 bullfrogs
  2 necrophages (D:7)
  A gnoll sergeant (D:7)
  3 scorpions
  9 wights
  7 killer bees
  4 electric eels
  4 howler monkeys
  8 hounds
  3 jellies
  5 orc priests
  4 gnoll boudas
  4 iguanas
  7 orc wizards
  18 gnolls
  6 adders
  A white imp (D:5)
  An ufetubus (D:5)
  2 worms
  32 orcs
  13 ball pythons
  4 endoplasms
  5 giant cockroaches
  5 goblins
  3 hobgoblins
  8 kobolds
  8 quokkas
  6 bats
  2 frilled lizards (D:1)
  4 rats
456 creatures vanquished.

Vanquished Creatures (others)
  3 humans (Lair:4)
  A water moccasin (Lair:2)
  An orc warrior (D:8)
  A black bear (D:8)
  A sky beast (D:6)
  A bullfrog (D:8)
  An orc wizard (D:8)
  2 orcs (D:8)
  A butterfly (D:3)
  18 fungi
  49 plants
79 creatures vanquished.

Grand Total: 535 creatures vanquished

Notes
Turn   | Place    | Note
-------+----------+-------------------------------------------
     0 | D:1      | manyhoops the Demigod Transmuter began the quest for the
                  | Orb.
     0 | D:1      | Reached XP level 1. HP: 15/15 MP: 5/5
   337 | D:1      | Reached skill level 1 in Fighting
   853 | D:1      | Reached skill level 3 in Unarmed Combat
  1155 | D:1      | Reached XP level 2. HP: 20/23 MP: 5/7
  1859 | D:2      | Reached XP level 3. HP: 28/28 MP: 6/8
  1864 | D:2      | Learned a level 2 spell: Wereblood
  1917 | D:2      | Found Okkoitue's Book Emporium.
  3015 | D:3      | Reached skill level 4 in Unarmed Combat
  3349 | D:3      | Reached XP level 4. HP: 35/36 MP: 5/9
  4062 | D:4      | Reached XP level 5. HP: 37/41 MP: 10/10
  4104 | D:4      | Noticed an ogre
  4112 | D:4      | Killed an ogre
  4113 | D:4      | Reached skill level 5 in Unarmed Combat
  4228 | D:4      | Noticed a wyvern
  4245 | D:4      | Killed a wyvern
  4246 | D:4      | Reached skill level 6 in Unarmed Combat
  4246 | D:4      | Reached XP level 6. HP: 50/50 MP: 11/11
  4263 | D:4      | Found Soriedir's Gadget Gallery.
  4300 | D:4      | Learned a level 4 spell: Ice Form
  4443 | D:4      | Reached XP level 7. HP: 51/57 MP: 11/13
  4832 | D:4      | Found a runed translucent gate.
  4832 | D:4      | Found a runed translucent gate.
  4833 | D:4      | Found a runed translucent gate.
  4847 | D:4      | Noticed lorenzova's ghost (amateur DECj)
  4883 | D:4      | Killed lorenzova's ghost
  5241 | D:5      | Entered Level 5 of the Dungeon
  5268 | D:5      | Noticed Sigmund
  5280 | D:5      | Killed Sigmund
  5313 | D:5      | Reached skill level 5 in Transmutations
  5336 | D:5      | Reached XP level 8. HP: 61/63 MP: 14/16
  5701 | D:5      | Learned a level 5 spell: Blade Hands
  7378 | D:6      | Reached XP level 9. HP: 62/69 MP: 19/19
  7513 | D:6      | Found a staircase to the Ecumenical Temple.
  7533 | D:6      | Identified a scroll of acquirement
  7538 | D:6      | Acquired a +0 cloak of preservation
  8087 | D:8      | Noticed Grum
  8234 | D:8      | Reached skill level 7 in Unarmed Combat
  8298 | D:8      | Reached skill level 8 in Unarmed Combat
  8306 | D:8      | Killed Grum
  8557 | D:7      | Identified the +6 great mace of Qazlal's Generosity {drain,
                  | rC+ Str+4}
  8990 | D:7      | Identified the +1 plate armour of Gepehit {rPois Int+4}
  9089 | D:8      | Noticed Psyche
  9100 | D:8      | Killed Psyche
  9101 | D:8      | Reached skill level 9 in Unarmed Combat
  9103 | D:8      | Reached XP level 10. HP: 57/77 MP: 13/20
  9880 | D:8      | Found Uhuik's Distillery.
  9883 | D:8      | Bought a potion of heal wounds for 50 gold pieces
  9883 | D:8      | Bought 2 potions of might for 80 gold pieces
  9883 | D:8      | Bought 2 potions of haste for 200 gold pieces
  9883 | D:8      | Bought a potion of might for 40 gold pieces
  9883 | D:8      | Bought 2 potions of curing for 60 gold pieces
  9883 | D:8      | Bought a potion of curing for 30 gold pieces
  9896 | D:8      | Identified the +2 robe of Sorcery {rF- Will+++ Slay+3}
  9984 | D:9      | Noticed a two-headed ogre
 10007 | D:9      | Killed a two-headed ogre
 10008 | D:9      | Reached skill level 10 in Unarmed Combat
 10222 | D:9      | Noticed a two-headed ogre
 10235 | D:9      | Killed a two-headed ogre
 10236 | D:9      | Reached skill level 11 in Unarmed Combat
 10478 | D:9      | Found a staircase to the Lair.
 10518 | D:9      | Noticed a centaur warrior
 10520 | D:9      | Noticed a skeletal warrior
 10536 | D:9      | Noticed a boulder beetle
 10537 | D:9      | Noticed a seven-headed hydra
 10539 | D:9      | Killed a skeletal warrior
 10540 | D:9      | Reached skill level 12 in Unarmed Combat
 10542 | D:9      | Killed a centaur warrior
 10543 | D:9      | Reached XP level 11. HP: 26/83 MP: 11/21
 10544 | D:9      | Noticed a centaur warrior
 10931 | D:9      | Killed a boulder beetle
 10977 | D:9      | Noticed a five-headed hydra
 10985 | D:9      | Killed a five-headed hydra
 11146 | D:9      | Reached skill level 5 in Fighting
 11212 | D:9      | Got the Reference Book on Gloom and Companions
 11215 | D:9      | Got the Compendium of the Kinetic Nimbus
 11373 | D:9      | Killed a centaur warrior
 11744 | D:9      | Killed a seven-headed hydra
 11951 | D:10     | Entered Level 10 of the Dungeon
 12062 | D:10     | Noticed a catoblepas
 12069 | D:10     | Killed a catoblepas
 12073 | D:10     | Noticed an orc knight
 12084 | D:10     | Killed an orc knight
 12088 | D:10     | Reached skill level 10 in Fighting
 12104 | D:10     | Found a staircase to the Orcish Mines.
 12293 | D:10     | Found Qumuwn's Weapon Emporium.
 12568 | D:10     | Noticed a two-headed ogre
 12576 | D:10     | Killed a two-headed ogre
 13128 | D:10     | Identified the +1 robe of the Mackerel {rC+++ rN+++ Int-3
                  | Dex-4}
 13172 | D:10     | Found a portal to a secret trove of treasure.
 14216 | D:11     | Noticed Urug
 14226 | D:11     | Killed Urug
 14227 | D:11     | Reached skill level 13 in Unarmed Combat
 14227 | D:11     | Reached XP level 12. HP: 78/112 MP: 17/23
 15288 | D:12     | Noticed a boulder beetle
 15301 | D:12     | Killed a boulder beetle
 15816 | D:12     | Noticed a boulder beetle
 15826 | D:12     | Killed a boulder beetle
 16210 | Lair:1   | Entered Level 1 of the Lair of Beasts
 16220 | Lair:1   | Noticed a six-headed hydra
 16254 | Lair:1   | Killed a six-headed hydra
 16550 | Lair:1   | Reached skill level 15 in Fighting
 16963 | Lair:1   | Noticed a catoblepas
 16978 | Lair:1   | Killed a catoblepas
 17342 | Lair:2   | You fall into a shaft and drop 2 floors!
 17580 | Lair:4   | Noticed a four-headed hydra
 17587 | Lair:4   | Killed a four-headed hydra
 17588 | Lair:4   | Reached skill level 14 in Unarmed Combat
 17728 | Lair:3   | Reached XP level 13. HP: 103/126 MP: 20/24
 18168 | Lair:3   | Found a hole to the Spider Nest.
 19666 | Lair:2   | Reached skill level 5 in Dodging
 19895 | Lair:2   | Found a staircase to the Shoals.
 20072 | Lair:4   | Noticed Kirke
 20091 | Lair:4   | Killed Kirke
 20463 | Lair:4   | Gained mutation: You occasionally lose the ability to read
                  | scrolls when taking damage. [mutagenic glow]
 20850 | Lair:5   | Entered Level 5 of the Lair of Beasts
 21853 | Lair:4   | HP: 4/151 [eight-headed hydra (11)]
 22392 | Lair:5   | Reached skill level 15 in Unarmed Combat
 23338 | Lair:5   | Reached skill level 16 in Unarmed Combat
 23428 | Lair:5   | Reached XP level 14. HP: 131/135 MP: 23/25
 23925 | Lair:5   | Found a staircase to the Slime Pits.
 24364 | Lair:5   | Reached skill level 17 in Unarmed Combat
 24481 | Lair:5   | Found a one-way gate to the infinite horrors of the Abyss.
 24487 | Lair:5   | Got the Handbook of Destructive Exhumation
 24882 | D:13     | Noticed Erolcha
 24890 | D:13     | Killed Erolcha
 24891 | D:13     | Noticed Nessos
 25608 | D:13     | Noticed Lodul
 25621 | D:13     | Slain by Lodul

Illustrated notes

Levels and vault maps discovered:
D:1:      kilobyte_arrival_exit_the_forest, layout_rooms,
          ebering_ecumenical_altar_ruins, serial_curves, eino_curves_04,
          eino_curves_02
D:2:      layout_basic, serial_co_window_serial, co_window_paths_b,
          co_window_of_opportunity_a, co_window_corner_a, co_window_paths_a,
          co_window_paths_a, co_window_corner_b, co_window_unsneaky_path_c,
          co_window_broadway_c, co_window_sun, co_window_paths_e,
          glass_columns_a, glass_columns_a, glass_columns_c, glass_columns_a,
          serial_shops, shop, small_statue_intersection, nrook_campfire,
          chequers_serial_rivers_room_b
D:3:      layout_basic, grunt_temple_overflow_gold_and_silver,
          nicolae_elyvilon_peaceful_grove, serial_glass, glass_columns_a,
          glass_columns_b, kennysheep_nub, minmay_between
D:4:      layout_basic, overflow_temple_1_default, gammafunk_ghost_split,
          grunt_ministairs_11, nicolae_shop_gadgets
D:5:      layout_gridville, mainiacjoe_overflow_small_starburst,
          cheibrodos_ashenzari_chains, uniq_sigmund
D:6:      layout_basic, minmay_temple_entry_statues_fountains
D:7:      layout_rooms, chequers_serial_rivers_micro_e
D:8:      layout_rooms, worldfamousw_hep_ancestral_shrine, xom_confusion_cloud,
          nicolae_overflow_hidden_temple, serial_shops, kennysheep_mini_moat,
          dreamdust_gnoll_shepherd, uniq_grum, uniq_joseph, uniq_psyche
D:9:      minmay_the_grid_triangle_9x9_recursive_2
          [minmay_the_grid_triangle_9x9_prize_center,
          minmay_the_grid_triangle_9x9_limited_checkers,
          minmay_the_grid_triangle_9x9_from_above,
          minmay_the_grid_triangle_9x9_alien], layout_cave_pools,
          mainiacjoe_overflow_24_doors, minmay_microvault
D:10:     layout_irregular_city, gammafunk_temple_overflow_claw,
          lemuel_crystal_altar, orc_david_3, enter_trove_6
D:11:     layout_loops_corners, uniq_urug
D:12:     layout_gridville
D:13:     layout_basic, uniq_erolcha, uniq_snorg, uniq_lodul, uniq_nessos
D:14:     kennysheep_scales, layout_loops_ring, erik_vaults_2,
          roderic_cross_of_infinity, hangedman_feature_mirror, uniq_agnes
Lair:1:   beast_lair_carwin_large_4, layout_regular_city, serial_bayou,
          serial_bayou_pond_b, serial_bayou_lagoon_b, serial_bayou_ford_a,
          serial_bayou_pond_c, serial_bayou_lagoon_a
Lair:2:   layout_small_grid, shoals_dummy_entry, lemuel_old_faithful,
          serial_bayou_shore_b, grunt_megastairs_2
Lair:3:   layout_cave_pods, spider_nest_entry_webs, serial_bayou_shore_a
Lair:4:   layout_concentric_octagons, basic_altar, uniq_kirke
Lair:5:   hellmonk_lair_end_abyssal_woods, layout_misc_corridors,
          dpeg_slime_entry_corner, gauntlet_entry_generic, lemuel_fruit_fields

Skill      XL: |  1  2  3  4  5  6  7  8  9 10 11 12 13 14 |
---------------+-------------------------------------------+-----
Fighting       | 1 2 3 12 15 | 15.0
Unarmed Combat | 3 4 6 9 12 13 14 16 17 | 17.5
Transmutations | 2 5 7 9 |  9.1
Spellcasting   | 2 3 4 |  4.7
Dodging        | 7 |  7.0

Action                   |  1- 3 |  4- 6 |  7- 9 | 10-12 | 13-15 || total
-------------------------+-------+-------+-------+-------+-------++-------
Melee: Unarmed           |   124 |   101 |   346 |   347 |   322 ||  1240
       Kick              |    18 |    30 |    74 |       |       ||   122
       Headbutt          |     7 |    15 |    46 |       |       ||    68
       Punch             |     1 |     6 |    15 |    35 |    31 ||    88
 Cast: Beastly Appendage |    24 |    16 |    35 |       |       ||    75
       Wereblood         |     1 |     1 |    17 |    19 |    14 ||    52
       Blade Hands       |       |       |    14 |    56 |    57 ||   127
       Ice Form          |       |       |       |     4 |     5 ||     9
 Abil: End Transformatio |       |       |       |     1 |     1 ||     2
Evoke: Wand              |       |       |       |       |     2 ||     2
  Use: Potion            |     2 |     2 |     2 |     2 |     4 ||    12
       Scroll            |     1 |       |    12 |     5 |    16 ||    34
 Stab: Sleeping          |     2 |     2 |       |       |       ||     4
       Petrifying        |       |       |       |     1 |       ||     1
Armor: Robe              |    22 |    15 |    98 |     6 |       ||   141
       Skin              |     2 |       |    13 |    32 |    33 ||    80
       Steam dragon scal |       |       |       |   114 |   123 ||   237
Dodge: Dodged            |    87 |    72 |   235 |   179 |   245 ||   818

Table legend: (Time is in decaauts)
 A = Elapsed time spent in this place.
 B = Non-inter-level travel time spent in this place.
 C = Inter-level travel time spent in this place.
 D = Time resting spent in this place.
 E = Time spent auto-exploring this place.
 F = Levels seen in this place.
 G = Mean time per level.
                   A        B        C        D        E       F      G
               +--------+--------+--------+--------+--------+-----+--------+
         Total |  25454 |  24276 |   1178 |   4623 |  16294 |  19 | 1339.7 |
       Dungeon |  17101 |  16474 |    627 |   2965 |  11253 |  14 | 1221.5 |
          Lair |   8352 |   7802 |    550 |   1658 |   5040 |   5 | 1670.4 |
               +--------+--------+--------+--------+--------+-----+--------+

Top non-repeatable levels by time:
  Lair:4: 2696 daAuts
  Lair:5: 2022 daAuts
     D:8: 1900 daAuts
  Lair:3: 1819 daAuts
     D:4: 1766 daAuts
     D:1: 1740 daAuts
     D:9: 1631 daAuts
    D:11: 1592 daAuts
     D:6: 1384 daAuts
    D:10: 1318 daAuts
    D:12: 1243 daAuts
     D:3: 1064 daAuts
     D:5: 1016 daAuts
  Lair:1: 960 daAuts
     D:2: 935 daAuts
